 Dungeon Sprint DCSS version 0.20.1-1-g8b1a95d (webtiles) character file.

727 potatolord6000 the Covert (level 7, -12/36 HPs)
             Began as a Deep Elf Summoner on Aug 29, 2017.
             Was an Elder of Sif Muna.
             Mangled by a merfolk
             ... wielding a +0 trident
              (13 damage)
             ... in the Dungeon (Sprint V: "Ziggurat Sprint").
             The game lasted 00:07:23 (816 turns).

potatolord6000 the Covert (Deep Elf Summoner)        Turns: 816, Time: 00:07:23

Health: -12/36     AC:  3    Str:  5    XL:     7   Next: 44%
Magic:  0/29       EV: 27    Int: 40    God:    Sif Muna [****..]
Gold:   0          SH:  0    Dex: 23    Spells: 8/28 levels left

rFire    + . .     SeeInvis .   y - +6 Majin-Bo {vamp, Archmagi MP+6 Int+6}
rCold    + . .     Gourm    .   (shield currently unavailable)
rNeg     . . .     Faith    .   a - +0 robe
rPois    +         Spirit   .   (no helmet)
rElec    +         Reflect  .   (no cloak)
rCorr    +         Harm     .   w - +0 pair of gloves {Dex+3}
MR       .....     NoTele   +   (no boots)
Stlth    ++++++....             (no amulet)
Regen    0.2/turn               l - +6 ring of intelligence
MPRegen  0.3/turn               m - +6 ring of intelligence

@: agile, resistant, very slightly contaminated
A: no striking features
a: Divine Energy, Channel Magic, Forget Spell, Renounce Religion


You were in the Dungeon.
You worshipped Sif Muna.
Sif Muna was greatly pleased with you.
You were not hungry.

You visited 1 branch

Inventory:

Hand Weapons
 y - the +6 Majin-Bo (weapon) {vamp, Archmagi MP+6 Int+6}
   (You found it in the Dungeon)

   It inflicts no extra harm, but heals its wielder when it wounds a living foe.
   It affects your intelligence (+6).
   It affects your magic capacity (+6).
Armour
 a - a +0 robe (worn)
 w - a +0 pair of gloves of dexterity (worn)
Jewellery
 l - a +6 ring of intelligence (left hand)
 m - a +6 ring of intelligence (right hand)
Scrolls
 i - 4 scrolls of blinking
 k - 4 scrolls of amnesia
 n - 3 scrolls of recharging
 o - 7 scrolls of fog
 p - a scroll of holy word
 q - 5 scrolls of identify
 r - 5 scrolls of remove curse
 s - 2 scrolls of fear
Potions
 d - 5 potions of curing
 e - 10 potions of heal wounds
 f - 5 potions of haste
 g - 6 potions of magic
 h - 3 potions of berserk rage
 v - 2 potions of brilliance
 x - 3 potions of resistance
 A - 3 potions of agility
 B - 4 potions of might
Books
 b - a book of Callings

   Spells                             Type                      Level
   a - Summon Small Mammal            Summoning                    1
   b - Call Imp                       Summoning                    2
   c - Call Canine Familiar           Summoning                    3
   d - Summon Guardian Golem          Hexes/Summoning              3
   e - Summon Lightning Spire         Summoning/Air                4
   f - Summon Ice Beast               Ice/Summoning                4
Comestibles
 c - 5 bread rations
 t - 42 fruits
 u - 3 meat rations


   Skills:
 + Level 10.2 Dodging
 + Level 11.1 Stealth
 + Level 11.1 Spellcasting
 + Level 10.1 Summonings


You had 8 spell levels left.
You knew the following spells:

 Your Spells              Type           Power        Failure   Level  Hunger
a - Summon Small Mammal   Summ           ####         1%          1    None
b - Call Imp              Summ           ########     1%          2    None
c - Call Canine Familiar  Summ           ########     1%          3    None
d - Summon Guardian Gole  Hex/Summ       #######.     1%          3    None
e - Summon Ice Beast      Ice/Summ       #######.     1%          4    None
f - Summon Hydra          Summ           ########..   21%         7    #####..


Dungeon Overview and Level Annotations

Branches:
Dungeon (1/1)

Altars:
Ashenzari
Cheibriados
Dithmenos
Elyvilon
Fedhas
Gozag
Hepliaklqana
Kikubaaqudgha
Makhleb
Nemelex Xobeh
Okawaru
Qazlal
Ru
Sif Muna
Trog
Uskayaw
Vehumet
Xom
Yredelemnul
Zin
The Shining One
Beogh
Jiyva
Lugonu


Message History

Your warg bites the red devil!
Your ice beast hits the merfolk but does no damage.
Your ice beast struggles against the net.
The merfolk throws a throwing net.
The throwing net hits your ice beast.
Your ice beast is caught in the net!
The red devil hits you from afar with a trident!
* * * LOW HITPOINT WARNING * * *
The merfolk barely misses you.
Your warg bites the red devil!
Something hits your guardian golem but does no damage.
Casting: Summon Hydra
Confirm with . or Enter, or press ? or * to list all spells.
You feel a surge of power!
An 11-headed hydra appears.
* * * LOW HITPOINT WARNING * * *
Your ice beast struggles against the net.
The merfolk hits your ice beast with a trident.
The merfolk throws a throwing net.
The throwing net hits your ice beast.
Your ice beast struggles against the net.
The red devil barely misses you.
The merfolk hits you from afar with a trident!
You die...

▓..=[=..▓
▓..:!=..▓
▓.......▓
▓.......▓
▓m.m.mm.▓
▓..m4Y..▓
▓.▓8Yh▓.▓
▓D@.Y...▓
▓▓▓▓▓▓▓▓▓


You could see 5 merfolk, a red devil, a friendly 11-headed hydra, a friendly
guardian golem, a friendly warg and 3 friendly ice beasts.

Vanquished Creatures
  An ogre (D)
1 creature vanquished.

Vanquished Creatures (collateral kills)
  A two-headed ogre (D)
  2 cyclopes (D)
  A hell hound (D)
  A wolf (D)
  A bullfrog (D)
  2 iguanas (D)
  3 adders (D)
  3 river rats (D)
  An ufetubus (D)
  An adder skeleton (D)
  4 ball pythons (D)
  A bat zombie (D)
  A giant cockroach zombie (D)
  A quokka skeleton (D)
23 creatures vanquished.

Grand Total: 24 creatures vanquished

Notes
Turn   | Place    | Note
-------+----------+-------------------------------------------
     0 | D        | potatolord6000 the Deep Elf Summoner began the quest for the Orb.
     0 | D        | Reached XP level 1. HP: 10/10 MP: 6/6
     0 | D        | Found a deep blue altar of Sif Muna.
     0 | D        | Found a bloodstained altar of Trog.
     0 | D        | Found a sacrificial altar of Ru.
     0 | D        | Found a stormy altar of Qazlal.
     0 | D        | Found an iron altar of Okawaru.
     3 | D        | Found a sparkling altar of Nemelex Xobeh.
     4 | D        | Found an ancient bone altar of Kikubaaqudgha.
     4 | D        | Found a corrupted altar of Lugonu.
     4 | D        | Found a transporter.
     4 | D        | Found a burning altar of Makhleb.
     4 | D        | Found a viscous altar of Jiyva.
     4 | D        | Found a hazy altar of Hepliaklqana.
    22 | D        | Found an opulent altar of Gozag.
    23 | D        | Found a blossoming altar of Fedhas.
    51 | D        | Reached skill level 5 in Stealth
    51 | D        | Reached skill level 5 in Spellcasting
    51 | D        | Reached XP level 2. HP: 15/15 MP: 6/10
    99 | D        | Became a worshipper of Sif Muna the Loreminder
   115 | D        | Learned a level 2 spell: Call Imp
   139 | D        | Entered arena 2.
   139 | D        | Found a transporter.
   143 | D        | Reached skill level 5 in Dodging
   151 | D        | Reached XP level 3. HP: 17/19 MP: 1/12
   261 | D        | Learned a level 3 spell: Call Canine Familiar
   265 | D        | Learned a level 3 spell: Summon Guardian Golem
   376 | D        | Entered arena 3.
   376 | D        | Found a transporter.
   396 | D        | Entered arena 4.
   396 | D        | Noticed a cyclops
   396 | D        | Noticed a cyclops
   396 | D        | Noticed a two-headed ogre
   396 | D        | Noticed an ogre
   396 | D        | Found a transporter.
   411 | D        | Killed an ogre
   411 | D        | Reached * piety under Sif Muna
   411 | D        | Reached XP level 4. HP: 13/24 MP: 14/14
   412 | D        | Killed a two-headed ogre
   412 | D        | Reached XP level 5. HP: 15/28 MP: 16/17
   422 | D        | Killed a cyclops
   422 | D        | Reached ** piety under Sif Muna
   422 | D        | Reached XP level 6. HP: 15/32 MP: 14/20
   424 | D        | Learned a level 4 spell: Summon Ice Beast
   434 | D        | Killed a cyclops
   434 | D        | Reached *** piety under Sif Muna
   434 | D        | Reached skill level 10 in Stealth
   434 | D        | Reached skill level 10 in Spellcasting
   434 | D        | Reached XP level 7. HP: 18/36 MP: 17/23
   449 | D        | Entered arena 5.
   449 | D        | Found a transporter.
   468 | D        | Entered arena 6.
   468 | D        | Found a transporter.
   482 | D        | Reached **** piety under Sif Muna
   482 | D        | Reached skill level 10 in Dodging
   619 | D        | Entered arena 7.
   620 | D        | Found a transporter.
   624 | D        | Reached skill level 10 in Summonings
   651 | D        | Learned a level 7 spell: Summon Hydra
   808 | D        | Entered arena 8.
   808 | D        | Noticed a merfolk
   808 | D        | Noticed a merfolk
   808 | D        | Noticed a merfolk
   808 | D        | Noticed a merfolk
   808 | D        | Noticed a merfolk
   808 | D        | Noticed a merfolk
   810 | D        | Noticed a red devil
   816 | D        | HP: 1/36 [the Majin-Bo (7)]
   816 | D        | Mangled by a merfolk

Skill      XL: |  1  2  3  4  5  6  7 |
---------------+----------------------+-----
Dodging        | 4 5 6 7 9 10 | 10.2
Stealth        | 5 6 8 9 10 11 | 11.1
Spellcasting   | 5 6 8 9 10 11 | 11.1
Summonings     | 6 7 9 10 | 10.1

Action                   |  1- 3 |  4- 6 |  7- 9 || total
-------------------------+-------+-------+-------++-------
Melee: Quarterstaff      |     1 |       |       ||     1
 Cast: Call Imp          |     9 |       |       ||     9
       Summon Small Mamm |     4 |       |       ||     4
       Call Canine Famil |     4 |       |     2 ||     6
       Summon Guardian G |     1 |     1 |     3 ||     5
       Summon Ice Beast  |       |       |    10 ||    10
       Summon Hydra      |       |       |     1 ||     1
  Use: Potion            |     9 |       |     5 ||    14
 Stab: Invisible         |     1 |       |       ||     1
  Eat: Meat ration       |     1 |       |       ||     1
Dodge: Dodged            |       |     1 |    10 ||    11
